 Dungeon Crawl Stone Soup version 0.31-a0-1207-g4ab8c38 (webtiles) character file.

Game seed: 770132403911691673

1916325 Kearsarge the Conqueror (level 25, 234/234 HPs)
             Began as a Merfolk Fighter on Dec 13, 2023.
             Was an Initiate of Gozag.
             Escaped with the Orb
             ... and 3 runes!
             The game lasted 01:14:13 (50050 turns).

Kearsarge the Conqueror (Merfolk Fighter)          Turns: 50050, Time: 01:14:14

Health: 234/234    AC: 25    Str: 30    XL:     25   Next: 69%
Magic:  21/23      EV: 17    Int:  6    God:    Gozag
Gold:   1784       SH: 24    Dex: 13    Spells: 24/24 levels left

rFire   + + +        a - +8 trident (spect)
rCold   + + +        x - +2 tower shield "Cumned" {Regen+ Dex+6}
rNeg    + + .        I - +2 plate armour of Gelofox {^Drain Will+++ Str+5 Dex-4}
rPois   +            P - +5 helmet of the Gravedigger {rC+++ Dex-5 Slay+2 SInv}
rElec   +            t - scarf {rC+ rF+}
rCorr   .            y - +2 pair of gloves of Makhleb's Delight {rF+ rN+ Will+ Dex-2}
SInv    +            A - +2 pair of boots {Fly}
Will    +++++        Z - dreamshard necklace {Acrobat *Dream} Stlth
                     j - ring "Vymn" {rPois rF+ Stlth+}
HPRegen 1.39/turn    H - ring "Butadda" {rElec rN+ Str-2 Dex+4 Slay+4}
MPRegen 0.18/turn

%: acrobat
@: flying, studying Unarmed Combat
A: (nimble swimmer 2), mertail, dopey 1, inability to drink after injury 1,
devolution 1, persistent drain
0: Orb of Zot
}: 3/15 runes: barnacled, silver, gossamer
a: Renounce Religion, Potion Petition, Call Merchant, Bribe Branch


You escaped.
You worshipped Gozag.
Gozag was most pleased with you.
You visited 10 branches of the dungeon, and saw 48 of its levels.
You visited 1 ziggurat, and saw 5 of its levels.
You also visited: Bailey.

You collected 22873 gold pieces.
You spent 2614 gold pieces at shops.
You paid 18475 gold pieces to Gozag.

Inventory:

Hand Weapons
 a - a +8 spectral trident (weapon)
 L - a +3 demon trident of venom
Missiles
 W - 4 throwing nets
Armour
 t - a scarf of resistance (worn)
 x - the +2 tower shield "Cumned" (worn) {Regen+ Dex+6}
   (You found it on level 7 of the Dungeon)

   Dex+6:     It affects your dexterity (+6).
   Regen+:    It increases your rate of health regeneration.
 y - the +2 pair of gloves of Makhleb's Delight (worn) {rF+ rN+ Will+ Dex-2}
   (You acquired it on level 1 of the Realm of Zot)

   Dex-2:     It affects your dexterity (-2).
   rF+:       It protects you from fire.
   rN+:       It protects you from negative energy.
   Will+:     It increases your willpower.
 A - a +2 pair of boots of flying (worn)
 E - a scarf of repulsion
 I - the +2 plate armour of Gelofox (worn) {^Drain Will+++ Str+5 Dex-4}
   (You bought it in a shop on level 1 of the Orcish Mines)

   Str+5:     It affects your strength (+5).
   Dex-4:     It affects your dexterity (-4).
   Will+++:   It greatly increases your willpower.
   ^Drain:    It drains your maximum health when unequipped.
 P - the +5 helmet of the Gravedigger (worn) {rC+++ Dex-5 Slay+2 SInv}
   (You bought it in a shop on level 5 of the Lair of Beasts)

   Dex-5:     It affects your dexterity (-5).
   Slay+2:    It affects your accuracy & damage with ranged weapons and melee
   (+2).
   rC+++:     It renders you almost immune to cold.
   SInv:      It lets you see invisible.
 X - the +10 tower shield of Ignorance {rN+ Int-4}
   (You found it on level 3 of a ziggurat)

   Int-4:     It affects your intelligence (-4).
   rN+:       It protects you from negative energy.
Jewellery
 d - an amulet of regeneration
 j - the ring "Vymn" (left hand) {rPois rF+ Stlth+}
   (You found it on level 5 of the Vaults)

   [ring of poison resistance]

   rF+:       It protects you from fire.
   rPois:     It protects you from poison Stlth+: It makes you more stealthy.
 H - the ring "Butadda" (right hand) {rElec rN+ Str-2 Dex+4 Slay+4}
   (You found it on level 3 of the Elven Halls)

   [ring of slaying]

   Str-2:     It affects your strength (-2).
   Dex+4:     It affects your dexterity (+4).
   Slay+4:    It affects your accuracy & damage with ranged weapons and melee
   (+4).
   rElec:     It insulates you from electricity.
   rN+:       It protects you from negative energy.
 Z - the dreamshard necklace (around neck) {Acrobat *Dream}
   (You found it on level 3 of the Shoals)

   [amulet of the acrobat]

   *Dream:    It absorbs a single lethal wound into itself, holding its wearer
   just short of death and releasing dream-creatures to guard them.
   Acrobat:   It increases your evasion while moving and waiting.
Wands
 b - a wand of charming (50)
 l - a wand of roots (68)
 u - a wand of digging (7)
 N - a wand of polymorph (11)
 S - a wand of light (22)
Scrolls
 g - 8 scrolls of amnesia
 i - 4 scrolls of fear
 n - 18 scrolls of teleportation
 v - 8 scrolls of noise
 B - 3 scrolls of blinking
 C - a scroll of revelation
 K - 2 scrolls of fog
 O - 8 scrolls of immolation
 Q - 2 scrolls of butterflies
 R - 15 scrolls of enchant armour
 T - 25 scrolls of identify
 Y - a scroll of poison
Potions
 c - 7 potions of ambrosia
 e - a potion of mutation
 f - 11 potions of curing
 h - 6 potions of heal wounds
 k - 13 potions of enlightenment
 m - 3 potions of magic
 p - 8 potions of brilliance
 q - 4 potions of attraction
 s - 3 potions of resistance
 w - 2 potions of haste
 z - 2 potions of cancellation
 D - 5 potions of invisibility
 G - 3 potions of might
 J - 4 potions of lignification
 M - 2 potions of berserk rage
Miscellaneous
 F - a lightning rod (4/4)
 U - a phantom mirror
 V - a condenser vane


   Skills:
 O Level 27 Fighting
 O Level 27 Polearms
 - Level 2.1 Armour
 O Level 27 Dodging
 + Level 23.1 Shields


You had 24 spell levels left.
You didn't know any spells.
Your spell library contained the following spells:

 Spells                   Type           Power      Damage    Failure   Level
 Foxfire                  Conj/Fire      0%         2x1d4     100%        1
 Sandblast                Erth           0%         2d4       100%        1
 Shock                    Conj/Air       0%         1d3       100%        1
 Sting                    Tmut/Pois      0%         1d3       100%        1
 Summon Small Mammal      Summ           0%         N/A       100%        1
 Blink                    Tloc           0%         N/A       100%        2
 Passwall                 Tmut/Erth      0%         N/A       100%        2
 Poisonous Vapours        Pois/Air       0%         N/A       100%        2
 Static Discharge         Conj/Air       0%         3-3/arc   100%        2
 Sublimation of Blood     Necr           0%         N/A       100%        2
 Wereblood                Tmut           0%         N/A       100%        2
 Call Canine Familiar     Summ           0%         N/A       100%        3
 Hailstorm                Conj/Ice       0%         3d5       100%        3
 Inner Flame              Hex/Fire       0%         N/A       100%        3
 Sigil of Binding         Hex            0%         N/A       100%        3
 Stone Arrow              Conj/Erth      0%         3d7       100%        3
 Summon Guardian Golem    Hex/Summ       0%         N/A       100%        3
 Swiftness                Air            0%         N/A       100%        3
 Tukima's Dance           Hex            0%         N/A       100%        3
 Volatile Blastmotes      Fire/Tloc      0%         2d10      100%        3
 Airstrike                Air            0%         2d(0-16)  100%        4
 Animate Armour           Summ/Erth      0%         N/A       100%        4
 Brom's Barrelling Bould  Conj/Erth      0%         2d3       100%        4
 Cause Fear               Hex            0%         N/A       100%        4
 Dimensional Bullseye     Hex/Tloc       0%         N/A       100%        4
 Flame Wave               Conj/Fire      0%         2d4       100%        4
 Fulminant Prism          Conj/Hex       0%         3d5       100%        4
 Iskenderun's Mystic Bla  Conj/Tloc      0%         2d3       100%        4
 Leda's Liquefaction      Hex/Erth       0%         N/A       100%        4
 Manifold Assault         Tloc           0%         N/A       100%        4
 Olgreb's Toxic Radiance  Pois           0%         N/A       100%        4
 Passage of Golubria      Tloc           0%         N/A       100%        4
 Petrify                  Tmut/Erth      0%         N/A       100%        4
 Sticky Flame             Conj/Fire      0%         2d3       100%        4
 Summon Ice Beast         Ice/Summ       0%         N/A       100%        4
 Summon Lightning Spire   Summ/Air       0%         N/A       100%        4
 Vhi's Electric Charge    Tloc/Air       0%         N/A       100%        4
 Arcjolt                  Conj/Air       0%         1d10      100%        5
 Fireball                 Conj/Fire      0%         3d3       100%        5
 Irradiate                Conj/Tmut      0%         3d11      100%        5
 Iskenderun's Battlesphe  Conj           0%         2d6       100%        5
 Lee's Rapid Deconstruct  Erth           0%         3d4*      100%        5
 Summon Mana Viper        Hex/Summ       0%         N/A       100%        5
 Conjure Ball Lightning   Conj/Air       0%         3x3d6     100%        6
 Plasma Beam              Fire/Air       0%         2x1d10    100%        6
 Haunt                    Necr/Summ      0%         N/A       100%        7
 Monstrous Menagerie      Summ           0%         N/A       100%        7
 Orb of Destruction       Conj           0%         9d5       100%        7
 Ozocubu's Refrigeration  Ice            0%         4d7       100%        7
 Summon Hydra             Summ           0%         N/A       100%        7
 Infestation              Necr           0%         N/A       100%        8
 Maxwell's Capacitive Co  Air            0%         ∞         100%        8
 Dragon's Call            Summ           0%         N/A       100%        9
 Polar Vortex             Ice            0%         N/A       100%        9
 Animate Dead             Necr           Unusable   N/A       N/A         4
 Simulacrum               Ice/Necr       Unusable   N/A       N/A         6

Dungeon Overview and Level Annotations

Branches:
Dungeon (15/15)            Temple (1/1) D:6            Lair (5/5) D:9
 Shoals (4/4) Lair:2       Spider (4/4) Lair:2        Slime (0/5) Lair:4
    Orc (2/2) D:10            Elf (3/3) Orc:2        Vaults (5/5) D:13
  Crypt (0/3) Vaults:2     Depths (4/4) D:15            Zot (5/5) Depths:4
 Bailey (visited)

Altars:
Ashenzari
Cheibriados
Dithmenos
Elyvilon
Fedhas
Gozag
Hepliaklqana
Kikubaaqudgha
Makhleb
Nemelex Xobeh
Okawaru
Qazlal
Ru
Sif Muna
Trog
Uskayaw
Vehumet
Wu Jian
Xom
Yredelemnul
Zin
The Shining One
Jiyva

Shops:
D:2 *   D:8 :   D:9 (   D:14 :   D:15 ?(   Orc:1 [   Orc:2 !([=   Lair:3 ?
Lair:5 [   Shoals:1 *   Shoals:4 (   Spider:2 [   Vaults:3 =   Depths:2 =:=

Portals:
Hell: Depths:1 Depths:2
Abyss: D:4
Pandemonium: Depths:2
Trove: Depths:3 (give 17 potions of curing)

Annotations:
D:4 2 transporters, 1 runed translucent door, Boogie's ghost, amateur GrFi; Crazy Yiuf
D:6 3 runed translucent doors, gompami's ghost, novice KoSu
D:9 1 runed translucent door, roomforsquares's ghost, novice FeBe
Lair:4 1 runed translucent door
Elf:2 3 runed translucent doors


Innate Abilities, Weirdness & Mutations

((You are very nimble when in or above water. (Stealth+, EV+, Speed+++)))
Your lower body shifts to a powerful aquatic tail in water.
You are dopey. (Int -2)
You occasionally lose the ability to drink potions when taking damage.
You have hidden genetic defects.
Your health recovers twice as slowly from being drained.


Message History

Your +8 spectral trident disappears.
There is a stone staircase leading up here.
You fly upwards.
Level annotation: 2 transporters, 1 runed translucent door, Boogie's ghost, amateur GrFi; Crazy Yiuf
There is a stone staircase leading down here.
There is a stone staircase leading up here.
You fly upwards.
There is a stone staircase leading down here.
Things that are here:
a +0 chain mail; a +0 dagger You see here a +0 club.
There is a stone staircase leading up here.
You fly upwards.
There is a stone staircase leading down here.
A lorocyproca comes into view.
You impale the lorocyproca!!
The lorocyproca is moderately wounded.
Your +8 spectral trident hits the lorocyproca!!
You hit the lorocyproca.
The lorocyproca is severely wounded.
Your +8 spectral trident misses the lorocyproca.
The lorocyproca hits you!!
You feel your power leaking away.
You puncture the lorocyproca!
The lorocyproca is almost dead.
Your +8 spectral trident hits the lorocyproca!
You kill the lorocyproca!
No target in view!
Your +8 spectral trident disappears.
What level of the Dungeon? (default 1, ? - help)
There is a stone staircase leading up here.
You fly upwards.
There is a stone staircase leading down here.
Things that are here:
3 stones; a +0 short sword Blink to where?
Press: ? - help, Q - select action, (/) - cycle Dir - move target
As you read the scroll of blinking, it crumbles to dust.
HP restored.
You have escaped!

##.#.# #.# #.# #..).# #.#.# #.#
#.#####.##.# #.#.# #.###
#........#.## #.#.# #...#
#######..#... ##.#.#############
##.##).#### #.......#.### #.#
###.###..# #
##.#.#####..####'####..## #..# #
#....#######..'...'..### #..# #
#.#.....# ####.@.#### #..#
#>#.########..'..^'..### #..#
....# ##..####'####..## #).####
..### ##.### #.# ###.###.#..).
..# #.## ####.#######.#.###.##
..# #.# #..#..........## ##..
..######.####.###.#######..###.##
.............## ##.# ####.#.#.###
.######.......###.####...........


There were no monsters in sight!

Vanquished Creatures
  A dread lich (Zot:5)
  2 orbs of fire
  An ancient lich (Vaults:5)
  Frederick (Vaults:3)
  A pandemonium lord (Zot:1)
  Mara (Vaults:3)
  2 Killer Klowns (Zot:5)
  Boris (thrice) (Vaults:3 Depths:1 Depths:2)
  3 curse toes
  3 golden dragons
  Nikola (Vaults:1)
  A profane servitor (Zot:1)
  A bone dragon (Depths:4)
  An electric golem (Zig:1)
  2 Tzitzimimeh
  5 tentacled monstrosities (Zot:1)
  4 Orb Guardians
  A lich (Depths:4)
  2 deep elf blademasters (Elf:3)
  A walking earthen tome (Depths:3)
  4 quicksilver dragons
  A deep elf master archer (Elf:3)
  5 sphinxes
  3 death cobs
  4 tengu reavers
  Kirke (Shoals:4)
  5 draconian monks
  5 shadow dragons
  9 storm dragons
  A nagaraja (Zig:2)
  A fire giant (Depths:4)
  3 draconian knights
  4 draconian scorchers
  3 frost giants
  6 deep elf sorcerers
  7 ghost moths
  8 emperor scorpions
  21 vault wardens
  3 deep elf elementalists (Elf:3)
  A spriggan defender (Depths:4)
  2 draconian stormcallers
  4 draconian shifters
  An orc warlord (Vaults:3)
  23 ironbound preservers
  A broodmother (Spider:4)
  A war gargoyle (Vaults:3)
  14 stone giants
  An ironbound thunderhulk (Vaults:4)
  6 very ugly things
  2 vampire knights
  A draconian annihilator (Zot:1)
  7 green draconians
  Nessos (Lair:5)
  7 spark wasps
  2 black draconians
  9 deep elf annihilators
  5 red draconians
  2 lorocyprocas
  8 deep elf demonologists
  4 dire elephants (Vaults:2)
  Azrael (D:12)
  4 purple draconians
  3 white draconians
  4 yellow draconians
  3 deep elf death magi
  12 ettins
  11 merfolk impalers
  2 fire dragons
  Josephine (D:14)
  6 merfolk javelineers
  7 entropy weavers
  15 yaktaur captains
  7 great orbs of eyes
  8 deep elf high priests
  24 vault guards
  4 rakshasas (Depths:1)
  2 peacekeepers (Vaults:4)
  4 radroaches
  3 hydras
  5 ice dragons
  2 spriggan air magi
  8 merfolk avatars
  A ghost crab (Depths:1)
  2 jorogumos
  An ogre mage (Vaults:5)
  An alligator (Lair:3)
  3 merfolk aquamancers
  9 ironbound frosthearts
  2 alligator snapping turtles
  13 centaur warriors
  7 boulder beetles
  5 tengu warriors
  A spriggan skeleton (Depths:2)
  2 two-headed ogres
  3 satyrs
  4 dancing weapons
  2 deep troll shamans
  8 death yaks
  3 deep troll earth magi
  An occultist (Depths:1)
  5 demonic crawlers
  6 hell knights (Vaults:5)
  An orc high priest (Orc:2)
  A titan zombie (Depths:1)
  A storm dragon zombie (Depths:2)
  2 spriggans (Depths:4)
  15 deep elf knights
  5 skysharks
  4 spriggan berserkers (Depths:4)
  A shadow wraith (Vaults:5)
  9 iron trolls
  61 deep trolls
  A flayed ghost (Depths:3)
  6 pharaoh ants
  2 sun moths
  A shadow demon (Depths:2)
  A deep troll (shapeshifter) (Vaults:5)
  10 sea snakes
  17 deep elf archers
  13 orb spiders
  Pikel (D:6)
  2 golden dragon skeletons
  A lindwurm (shapeshifter) (Vaults:5)
  27 lindwurms
  7 orc knights
  7 steelbarb worms
  2 orange crystal statues
  28 harpies
  3 necromancers
  A phantasmal warrior (Vaults:5)
  26 deep elf zephyrmancers
  12 arcanists
  23 ironbound convokers
  26 wolf spiders
  2 salamanders
  28 deep elf pyromancers
  9 cyclopes
  51 ugly things
  13 fauns
  2 orc sorcerers
  15 manticores
  6 moths of wrath
  2 elephants (shapeshifter)
  3 kobold blastminers (Orc:2)
  16 elephants
  11 black mambas
  4 water nymphs
  A rust devil (Depths:3)
  8 merfolk sirens
  An eye of devastation (shapeshifter) (Vaults:5)
  A guardian serpent (Zig:2)
  23 vault sentinels
  A smoke demon (Zot:5)
  A gargoyle (D:11)
  30 cane toads
  A storm dragon simulacrum (Depths:2)
  3 orange demons (D:13)
  5 torpor snails
  16 yaktaurs
  7 rime drakes
  12 komodo dragons
  Jeremiah (D:7)
  An ice devil (Zot:1)
  A kobold demonologist (D:10)
  An efreet (D:13)
  4 tengu conjurers
  6 polar bears
  4 wind drakes
  Grinder (D:3)
  2 tyrant leeches (Lair:5)
  22 merfolk
  7 trolls
  3 hellwings (Zot:5)
  2 hornets (Depths:4)
  17 tarantellas
  An ettin zombie (Depths:2)
  2 glass eyes
  A spriggan zombie (Depths:1)
  6 dream sheep
  21 blink frogs
  18 snapping turtles
  Sigmund (D:3)
  35 jumping spiders
  4 air elementals
  36 culicivoras
  44 slime creatures
  22 water elementals
  A ynoxinul (Depths:4)
  A vampire (D:10)
  7 wraiths
  A hog (shapeshifter) (D:15)
  9 basilisks
  9 wyverns
  42 yaks
  4 steam dragons
  5 fire elementals
  63 redbacks
  7 hogs (Shoals:4)
  9 humans
  Edmund (D:6)
  21 vampire mosquitoes
  3 wargs
  A small abomination (Zot:1)
  An acid dragon (D:12)
  21 water moccasins
  3 hell hounds (D:12)
  5 black bears
  A sky beast (D:7)
  3 ice beasts
  43 orc warriors
  A spriggan simulacrum (Depths:1)
  6 ogres
  24 wolves
  11 centaurs
  3 kobold brigands
  2 phantoms
  22 bullfrogs
  2 earth elementals
  8 scorpions
  5 gnoll sergeants
  A scorpion (shapeshifter) (D:13)
  6 wights (D:8)
  11 killer bees
  5 electric eels
  3 howler monkeys (D:9)
  4 hounds
  20 orc priests
  2 gnoll boudas
  Ijyb (D:3)
  26 orc wizards
  Natasha (thrice) (D:2)
  4 iguanas
  3 hell rats (D:9)
  Robin (D:4)
  21 gnolls
  6 adders
  A river rat (D:9)
  2 shadow imps (D:6)
  4 ufetubi
  2 worms (D:3)
  4 dart slugs
  100 orcs
  8 bats
  9 endoplasms
  2 giant cockroaches
  32 goblins
  16 hobgoblins
  7 jackals
  7 quokkas
  4 ball pythons
  5 frilled lizards
  43 kobolds
  8 rats
2016 creatures vanquished.

Vanquished Creatures (collateral kills)
  4 dread liches (Zot:5)
  An ancient lich (Zot:5)
  A Killer Klown (Zot:5)
  2 golden dragons (Zot:5)
  An electric golem (Zot:5)
  17 Orb Guardians (Zot:5)
  2 tentacled monstrosities (Zot:5)
  A death cob (Zot:5)
  A storm dragon (Zot:5)
  A shadow dragon (Vaults:5)
  A draconian monk (Zot:5)
  A ghost moth (Zot:5)
  A draconian stormcaller (Zot:5)
  An ironbound preserver (Vaults:5)
  A draconian annihilator (Zot:5)
  A black draconian (Zot:5)
  A red draconian (Zot:5)
  A yellow draconian (Zot:5)
  A deep elf high priest (Vaults:5)
  4 vault guards (Vaults:5)
  2 moths of wrath (Zot:5)
  A redback (Vaults:5)
47 creatures vanquished.

Vanquished Creatures (others)
  A dread lich (Zot:5)
  An orb of fire (Zot:5)
  An ancient lich (Vaults:5)
  An Orb Guardian (Zot:5)
  2 tentacled monstrosities
  3 titans (Vaults:5)
  2 sphinxes (Vaults:5)
  A death cob (Zot:5)
  A storm dragon (Vaults:5)
  2 tengu reavers (Vaults:5)
  A draconian knight (Zot:5)
  An iron dragon (Vaults:5)
  A fire giant (Vaults:5)
  2 vault wardens (Vaults:5)
  2 ironbound preservers (Vaults:5)
  A war gargoyle (Vaults:5)
  A stone giant (Vaults:5)
  3 deep elf demonologists (Vaults:5)
  A yellow draconian (Zot:5)
  2 white draconians
  An entropy weaver (Spider:4)
  12 vault guards
  An ogre mage (Vaults:5)
  A deep troll earth mage (Vaults:5)
  A deep elf knight (Elf:3)
  7 deep trolls (Vaults:5)
  A deep elf archer (Vaults:5)
  3 ironbound convokers (Vaults:5)
  A phantasmal warrior (Vaults:5)
  A vault sentinel (Vaults:5)
  An efreet (Zot:5)
  A freezing wraith (Vaults:5)
  A jumping spider (Spider:3)
  A redback (Vaults:5)
  85 spectral weapons
148 creatures vanquished.

Grand Total: 2211 creatures vanquished

Notes
Turn   | Place    | Note
-------+----------+-------------------------------------------
     0 | D:1      | Kearsarge the Merfolk Fighter began the quest for the Orb.
     0 | D:1      | Reached XP level 1. HP: 18/18 MP: 1/1
   108 | D:1      | Reached XP level 2. HP: 20/24 MP: 2/2
   408 | D:1      | Reached XP level 3. HP: 30/30 MP: 3/3
  1033 | D:2      | Found a broken altar of Ashenzari.
  1301 | D:2      | Reached XP level 4. HP: 35/37 MP: 4/4
  1372 | D:2      | Found Piecoph's Assorted Antiques.
  1377 | D:2      | Bought a scroll of identify for 48 gold pieces
  1377 | D:2      | Bought a scroll labelled FIROACR ESATULL for 24 gold pieces
  1377 | D:2      | Bought a blue potion for 21 gold pieces
  1422 | D:2      | Noticed Natasha
  1428 | D:2      | Killed Natasha
  1429 | D:2      | Reached skill level 5 in Polearms
  1551 | D:2      | Noticed Natasha
  1559 | D:2      | Killed Natasha
  1560 | D:2      | Reached XP level 5. HP: 38/43 MP: 5/5
  1611 | D:2      | Noticed Natasha
  1619 | D:2      | Killed Natasha
  1768 | D:3      | Noticed Ijyb
  1780 | D:3      | Killed Ijyb
  1890 | D:3      | Noticed Grinder
  1901 | D:3      | Killed Grinder
  1902 | D:3      | Reached skill level 5 in Fighting
  1902 | D:3      | Reached XP level 6. HP: 31/51 MP: 6/6
  2120 | D:3      | Noticed Sigmund
  2128 | D:3      | Killed Sigmund
  2129 | D:3      | Reached XP level 7. HP: 51/57 MP: 7/7
  2321 | D:3      | Found a faded altar of an unknown god.
  2941 | D:4      | Found a transporter.
  2951 | D:4      | Found a transporter.
  3004 | D:4      | Reached XP level 8. HP: 65/65 MP: 8/8
  3027 | D:4      | Noticed Robin
  3056 | D:4      | Killed Robin
  3133 | D:4      | Reached skill level 10 in Polearms
  3433 | D:4      | Found a one-way gate to the infinite horrors of the Abyss.
  3433 | D:4      | Noticed Boogie's ghost (amateur GrFi)
  3471 | D:4      | Found a runed translucent door.
  3472 | D:4      | Noticed Crazy Yiuf
  3555 | D:4      | Noticed a small abomination
  3598 | D:5      | Entered Level 5 of the Dungeon
  3916 | D:5      | Reached XP level 9. HP: 60/74 MP: 9/9
  4024 | D:5      | Found a broken altar of Ashenzari.
  4347 | D:6      | Found a shimmering altar of Xom.
  4357 | D:6      | Found a shadowy altar of Dithmenos.
  4384 | D:6      | Noticed Pikel
  4567 | D:6      | Found a white marble altar of Elyvilon.
  4596 | D:6      | Killed Pikel
  4597 | D:6      | Reached XP level 10. HP: 48/84 MP: 10/10
  4741 | D:6      | Reached skill level 15 in Polearms
  4785 | D:6      | You fall into a shaft and drop 1 floor!
  4984 | D:6      | Noticed Edmund
  4998 | D:6      | Killed Edmund
  5050 | D:6      | Found a staircase to the Ecumenical Temple.
  5073 | Temple   | Entered the Ecumenical Temple
  5086 | Temple   | Became a worshipper of Gozag Ym Sagoz the Greedy
  5239 | D:6      | Found a runed translucent gate.
  5239 | D:6      | Identified the +0 chain mail of Defence {*Corrode rElec
                  | rF+}
  5240 | D:6      | Found a runed translucent gate.
  5240 | D:6      | Noticed gompami's ghost (novice KoSu)
  5241 | D:6      | Found a runed translucent gate.
  5391 | D:7      | Noticed Jeremiah
  5416 | D:7      | Reached skill level 10 in Fighting
  5432 | D:7      | Killed Jeremiah
  5598 | D:7      | Identified the +11 hand axe "Iduessex" {distort, rN+ rCorr}
  5907 | D:7      | Identified the +2 tower shield "Cumned" {Regen+ Dex+6}
  6524 | D:8      | Found a sparkling altar of Nemelex Xobeh.
  6826 | D:8      | Reached XP level 11. HP: 81/92 MP: 11/11
  6928 | D:8      | Found Myrosea's Book Shop.
  7197 | D:9      | Found a runed translucent door.
  7198 | D:9      | Found a shimmering altar of Xom.
  7198 | D:9      | Noticed roomforsquares's ghost (novice FeBe)
  7198 | D:9      | Noticed a +4 rapier of chaos
  7355 | D:9      | Found a flagged portal.
  7402 | Bailey   | Entered a bailey
  7809 | D:9      | Found an iron altar of Okawaru.
  7835 | D:9      | Noticed a two-headed ogre
  7838 | D:9      | Killed a two-headed ogre
  7864 | D:9      | Found Konelus's Weapon Boutique.
  7877 | D:9      | Noticed a death yak
  7881 | D:9      | Noticed a death yak
  7884 | D:9      | Noticed a death yak
  7893 | D:9      | Killed a death yak
  7903 | D:9      | Killed a death yak
  7910 | D:9      | Killed a death yak
  7953 | D:9      | Found a staircase to the Lair.
  8115 | D:10     | Entered Level 10 of the Dungeon
  8289 | D:10     | Found a staircase to the Orcish Mines.
  8417 | D:10     | Reached XP level 12. HP: 103/103 MP: 12/12
  8994 | D:11     | Found an ornate altar of the Wu Jian Council.
  9035 | D:11     | Noticed a boulder beetle
  9053 | D:11     | Killed a boulder beetle
  9054 | D:11     | Reached skill level 1 in Dodging
  9178 | D:11     | Reached skill level 5 in Shields
  9389 | D:12     | Noticed Azrael
  9409 | D:12     | Killed Azrael
  9771 | D:12     | Reached skill level 5 in Dodging
  9805 | D:12     | Identified the ring "Wysaitt" {rElec rF+ rC+}
  9814 | D:12     | Noticed a five-headed hydra
  9823 | D:12     | Killed a five-headed hydra
  9987 | D:12     | Found an iron altar of Okawaru.
 10264 | Orc:1    | Entered Level 1 of the Orcish Mines
 10267 | Orc:1    | Bought the +2 plate armour of Gelofox {^Drain Will+++ Str+5
                  | Dex-4} for 967 gold pieces
 10616 | Orc:2    | Entered Level 2 of the Orcish Mines
 10645 | Orc:2    | Noticed an orc high priest
 10671 | Orc:2    | Killed an orc high priest
 10676 | Orc:2    | Reached XP level 13. HP: 105/109 MP: 13/13
 10749 | Orc:2    | Found Vucraab's Distillery.
 10796 | Orc:2    | Found Seclall's Antique Armour Boutique.
 10796 | Orc:2    | Found Tysodub's Antique Weapon Shoppe.
 10821 | Orc:2    | Found Pumi's Jewellery Shop.
 10921 | Orc:2    | Bought a pitted scale mail for 180 gold pieces
 10921 | Orc:2    | Identified the +5 scale mail of the World {rElec rC- Dex+6}
                  | (You bought it in a shop on level 2 of the Orcish Mines)
 10925 | Orc:2    | Bought a potion of might for 56 gold pieces
 10925 | Orc:2    | Bought a potion of haste for 140 gold pieces
 10925 | Orc:2    | Bought a potion of heal wounds for 70 gold pieces
 10925 | Orc:2    | Bought a potion of lignification for 42 gold pieces
 11031 | Orc:2    | Found a staircase to the Elven Halls.
 11338 | Orc:2    | Reached skill level 10 in Shields
 11798 | Lair:1   | Entered Level 1 of the Lair of Beasts
 12149 | Lair:1   | Reached skill level 10 in Dodging
 12649 | Lair:2   | Reached XP level 14. HP: 116/116 MP: 14/14
 12656 | Lair:2   | Found a hole to the Spider Nest.
 12663 | Lair:2   | Found a staircase to the Shoals.
 13218 | Lair:2   | Found a shimmering blue altar of Sif Muna.
 14415 | Lair:3   | Bought a scroll of identify for 24 gold pieces
 14415 | Lair:3   | Bought a scroll of poison for 48 gold pieces
 14415 | Lair:3   | Bought a scroll of identify for 24 gold pieces
 14415 | Lair:3   | Bought a scroll of blinking for 90 gold pieces
 14415 | Lair:3   | Bought a scroll of identify for 24 gold pieces
 14415 | Lair:3   | Bought a scroll of fear for 48 gold pieces
 14772 | Lair:4   | Reached XP level 15. HP: 107/122 MP: 15/15
 15184 | Lair:4   | Found a runed translucent door.
 15188 | Lair:4   | Found a viscous altar of Jiyva.
 15189 | Lair:4   | Found a staircase to the Slime Pits.
 15192 | Lair:4   | Noticed an acid blob
 15259 | Lair:4   | Reached skill level 15 in Shields
 15589 | Lair:5   | Entered Level 5 of the Lair of Beasts
 15991 | Lair:5   | Noticed Nessos
 16014 | Lair:5   | Killed Nessos
 16846 | Lair:5   | Bought a distressingly furry helmet for 247 gold pieces
 16846 | Lair:5   | Identified the +5 helmet of the Gravedigger {rC+++ Dex-5
                  | Slay+2 SInv} (You bought it in a shop on level 5 of the
                  | Lair of Beasts)
 17065 | D:13     | Reached skill level 15 in Dodging
 17401 | D:13     | Identified the +0 scale mail "Ucios" {rPois Int+3}
 17492 | D:13     | Found a gate to the Vaults.
 17709 | D:14     | Reached XP level 16. HP: 96/129 MP: 16/16
 17982 | D:14     | Found Xuetuat's Book Shop.
 18104 | D:14     | Noticed Josephine
 18109 | D:14     | Killed Josephine
 18329 | D:15     | Entered Level 15 of the Dungeon
 18723 | D:15     | Found a staircase to the Depths.
 19155 | D:15     | Found Hiestreudgh's Magic Scroll Shoppe.
 19167 | D:15     | Bought a scroll of teleportation for 36 gold pieces
 19167 | D:15     | Bought a scroll of blinking for 90 gold pieces
 19167 | D:15     | Bought a scroll of identify for 24 gold pieces
 19167 | D:15     | Bought a scroll of identify for 24 gold pieces
 19167 | D:15     | Bought a scroll of teleportation for 36 gold pieces
 19167 | D:15     | Bought a scroll of fog for 48 gold pieces
 19167 | D:15     | Bought a scroll of immolation for 48 gold pieces
 19532 | Spider:1 | Entered Level 1 of the Spider Nest
 20897 | Spider:2 | Reached XP level 17. HP: 135/135 MP: 17/17
 20965 | Spider:2 | Gained mutation: You are dopey. (Int -2) [mutagenic glow]
 21451 | Spider:2 | Identified the +2 leather armour of Untold Secrets {Slay+3}
 22494 | Spider:4 | Entered Level 4 of the Spider Nest
 22850 | Spider:4 | Reached skill level 15 in Fighting
 23315 | Spider:4 | Reached XP level 18. HP: 100/153 MP: 0/18
 23769 | Spider:4 | Got a gossamer rune of Zot
 24001 | Shoals:1 | Entered Level 1 of the Shoals
 24280 | Shoals:1 | Found Tiaqakod's General Store.
 24310 | Shoals:1 | Bought 2 scrolls of enchant weapon for 255 gold pieces
 25889 | Shoals:3 | Found a transporter.
 25890 | Shoals:3 | Found the dreamshard necklace {Acrobat *Dream}
 25972 | Shoals:3 | Found a transporter.
 26076 | Shoals:3 | Identified the staff of Ehayqal {^Drain Fly Str+2 Stlth+
                  | Conj}
 26311 | Shoals:4 | Entered Level 4 of the Shoals
 26316 | Shoals:4 | Noticed Kirke
 26343 | Shoals:4 | Killed Kirke
 26403 | Shoals:4 | Reached XP level 19. HP: 162/170 MP: 19/19
 27340 | Shoals:4 | Found Huall's Antique Weapon Shoppe.
 27385 | Shoals:4 | Got a barnacled rune of Zot
 27667 | Elf:1    | Entered Level 1 of the Elven Halls
 28216 | Elf:1    | Paralysed by an air elemental for 1 turns
 28241 | Elf:1    | Identified the +6 sling "Hell-Harrower" {speed, Fly rElec
                  | rCorr Int-2}
 28327 | Elf:1    | Found Seuheud's Antique Weapon Shop.
 28605 | Elf:2    | Paralysed by an air elemental for 1 turns
 28810 | Elf:1    | Found a shimmering altar of Xom.
 28832 | Elf:3    | Entered Level 3 of the Elven Halls
 28925 | Elf:2    | Paralysed by an air elemental for 1 turns
 29222 | Elf:2    | Found a radiant altar of Vehumet.
 29239 | Elf:2    | Found a runed translucent gate.
 29241 | Elf:2    | Found a runed translucent gate.
 29243 | Elf:2    | Found a runed translucent gate.
 29816 | Elf:3    | Reached XP level 20. HP: 167/186 MP: 20/20
 29833 | Elf:3    | Noticed a Brimstone Fiend
 30031 | Elf:3    | Found the +3 Mad Mage's Maulers {Infuse+∞ VampMP -Cast}
 30040 | Elf:3    | Identified the ring "Butadda" {rElec rN+ Str-2 Dex+4
                  | Slay+4}
 30084 | Elf:3    | Got the Codex of Causimancy and Blasphemous Rituals
 30101 | Elf:3    | Found the +9 sword of Power {lifebolt}
 30430 | Elf:3    | Identified the +1 robe "Tuagu" {SInv}
 30436 | Elf:3    | Identified the +3 leather armour of a wizard's laboratory
                  | {rN+}
 30695 | Vaults:1 | Entered Level 1 of the Vaults
 30700 | Vaults:1 | Noticed Nikola
 30723 | Vaults:1 | Killed Nikola
 33556 | Vaults:2 | Reached XP level 21. HP: 201/201 MP: 2/21
 34414 | Vaults:2 | Got the Volume of Superposition
 34440 | Vaults:2 | Reached skill level 27 in Fighting
 35052 | Vaults:2 | Found a staircase to the Crypt.
 35052 | Vaults:2 | Found a basalt altar of Yredelemnul.
 35053 | Vaults:2 | Found an ancient bone altar of Kikubaaqudgha.
 36133 | Vaults:3 | Noticed Mara
 36144 | Vaults:3 | Noticed Kearsarge's illusion
 36151 | Vaults:3 | Killed Mara
 36879 | Vaults:3 | Identified the ring "Saxytz" {rC+ Will+ Stlth+}
 37421 | Vaults:3 | Noticed Frederick
 37427 | Vaults:3 | Killed Frederick
 37723 | Vaults:3 | Reached XP level 22. HP: 204/212 MP: 3/22
 38177 | Vaults:3 | Noticed Boris
 38182 | Vaults:3 | Killed Boris
 41326 | Vaults:5 | Entered Level 5 of the Vaults
 41490 | Vaults:5 | Identified the +8 mace of Valour {freeze, *Slow Int+3
                  | Dex+6}
 41687 | Vaults:5 | Identified the +1 halberd of the Enchanted Forest {speed,
                  | rC- Int+5} (You took it off an ironbound preserver on level
                  | 5 of the Vaults)
 41717 | Vaults:5 | Identified the +5 falchion "Icuet" {freeze, rF- Str+2 Int+8
                  | Dex-3}
 41731 | Vaults:5 | Noticed an ancient lich
 41742 | Vaults:5 | Reached XP level 23. HP: 189/219 MP: 1/23
 41744 | Vaults:5 | Noticed a golden dragon
 41749 | Vaults:5 | Noticed an ancient lich
 41757 | Vaults:5 | Killed an ancient lich
 41758 | Vaults:5 | Killed an ancient lich
 41786 | Vaults:5 | Killed a golden dragon
 41808 | Vaults:5 | Identified the +7 lajatang of Deliw {drain, ^Fragile rC+
                  | rN+ Will++}
 41838 | Vaults:5 | Identified the +8 rapier of Actus Reus {heavy, rC++ Stlth+}
 42240 | Vaults:5 | Identified the +1 hand axe of the Lost Coins {vamp, rElec
                  | rF- rCorr Stlth+}
 42322 | Vaults:5 | Identified the +0 scale mail of Atablul {rC+ Str-5 Int+3}
 42358 | Vaults:5 | Identified the +2 robe of Marbles {rN+ Int+4 Slay-4}
 42888 | Vaults:5 | Identified the ring of Iskasit {Fire rN+ rCorr Int-2 Dex+2}
 42972 | Vaults:5 | Got a silver rune of Zot
 43092 | Vaults:5 | Found the +8 storm bow {elec, penet}
 43270 | Vaults:5 | Identified the ring "Vymn" {rPois rF+ Stlth+}
 43558 | Depths:1 | Entered Level 1 of the Depths
 44321 | Depths:1 | Noticed Boris
 44330 | Depths:1 | Killed Boris
 44644 | Depths:1 | Found a gateway to Hell.
 44806 | Depths:1 | Found a hazy altar of Hepliaklqana.
 45347 | Depths:1 | Found a one-way gateway to a ziggurat.
 45364 | Zig:1    | Entered Level 1 of a ziggurat
 45433 | Zig:2    | Entered Level 2 of a ziggurat
 45545 | Zig:3    | Entered Level 3 of a ziggurat
 45552 | Zig:3    | Found the +10 tower shield of Ignorance {rN+ Int-4}
 45728 | Zig:4    | Entered Level 4 of a ziggurat
 45889 | Zig:5    | Entered Level 5 of a ziggurat
 45895 | Zig:5    | Noticed a curse toe
 45902 | Zig:5    | Identified the ring "Ceapn" {rElec rF- rC+ Dex+6}
 45903 | Zig:5    | Identified the +0 robe "Poliaf" {^Drain rN+ Str+4}
 45917 | Depths:1 | Killed a curse toe
 46148 | Depths:2 | Noticed Boris
 46164 | Depths:2 | Killed Boris
 46365 | Depths:2 | Found Eseppuimn's Jewellery Shop.
 46365 | Depths:2 | Found Xykleuj's Book Emporium.
 46366 | Depths:2 | Found Kuog Jao's Jewellery Shop.
 46499 | Depths:2 | Identified the +2 war axe of the Hurling Boar {venom,
                  | Dex+2}
 46513 | Depths:2 | Found a one-way gate leading to the halls of Pandemonium.
 46908 | Depths:3 | Found a portal to a secret trove of treasure.
 46970 | Depths:3 | Reached XP level 24. HP: 150/227 MP: 1/23
 47113 | Depths:4 | Entered Level 4 of the Depths
 47114 | Depths:4 | Found a glowing golden altar of the Shining One.
 47770 | Depths:4 | Found a gate to the Realm of Zot.
 47779 | Zot:1    | Entered Level 1 of the Realm of Zot
 47797 | Zot:1    | Identified a scroll of acquirement
 47798 | Zot:1    | Acquired the +2 pair of gloves of Makhleb's Delight {rF+
                  | rN+ Will+ Dex-2}
 47855 | Zot:1    | Reached skill level 27 in Polearms
 48431 | Zot:2    | Noticed an orb of fire
 48440 | Zot:2    | Gained mutation: Your health recovers twice as slowly from
                  | being drained. [an orb of fire]
 48450 | Zot:2    | Killed an orb of fire
 48457 | Zot:2    | Noticed a curse toe
 48564 | Zot:2    | Killed a curse toe
 48670 | Zot:3    | Reached skill level 27 in Dodging
 48876 | Zot:5    | Entered Level 5 of the Realm of Zot
 49057 | Zot:5    | Noticed an orb of fire
 49178 | Zot:5    | Noticed a dread lich
 49178 | Zot:5    | Noticed a dread lich
 49193 | Zot:5    | Noticed a Killer Klown
 49200 | Zot:5    | Killed a Killer Klown
 49212 | Zot:5    | Killed an ancient lich
 49213 | Zot:5    | Reached XP level 25. HP: 198/234 MP: 19/23
 49215 | Zot:5    | Killed a dread lich
 49217 | Zot:5    | Noticed a dread lich
 49217 | Zot:5    | Noticed a dread lich
 49218 | Zot:5    | Noticed a Killer Klown
 49218 | Zot:5    | Noticed a dread lich
 49224 | Zot:5    | Noticed an orb of fire
 49234 | Zot:5    | Killed a dread lich
 49236 | Zot:5    | Killed a dread lich
 49240 | Zot:5    | Noticed a Killer Klown
 49243 | Zot:5    | Killed a dread lich
 49248 | Zot:5    | Killed a Killer Klown
 49259 | Zot:5    | Killed an orb of fire
 49270 | Zot:5    | Killed a Killer Klown
 49354 | Zot:5    | Gained mutation: You have hidden genetic defects.
                  | [mutagenic glow]
 49358 | Zot:5    | Noticed an ancient lich
 49362 | Zot:5    | Noticed an ancient lich
 49366 | Zot:5    | Got the Orb of Zot
 49366 | Zot:5    | Noticed an orb of fire
 49381 | Zot:5    | Gained mutation: You occasionally lose the ability to drink
                  | potions when taking damage. [mutagenic glow]
 49546 | Zot:1    | Noticed Fuorpheutt the pandemonium lord
 49557 | Zot:1    | Killed Fuorpheutt the pandemonium lord
 50050 | D:$      | Escaped with the Orb!

Illustrated notes

Levels and vault maps discovered:
D:1:      dpeg_arrival_radiant, layout_loops_ring
D:2:      kennysheep_the_goblin_king, layout_loops_ring, serial_shops, shop,
          basic_altar, uniq_natasha
D:3:      layout_loops_ring, shapermc_ecumenical_altar_ellora,
          minmay_fractal_squares_5, uniq_sigmund, uniq_grinder, uniq_ijyb
D:4:      kennysheep_goblin_castle, layout_rooms,
          gammafunk_ghost_abyssal_escape, uniq_crazy_yiuf_cottage
D:5:      layout_rooms, mainiacjoe_overflow_boulevard
D:6:      layout_rooms, grunt_temple_overflow_open,
          minmay_temple_entry_glassed_door, biasface_ghost_orc_armoury,
          kennysheep_generic_room_11, uniq_pikel, uniq_edmund
D:7:      layout_cave_pods, uniq_jeremiah
D:8:      layout_basic, nemelex_spade_bored_becter, serial_shops, shop,
          minmay_quadrilaterals
D:9:      layout_basic, mainiacjoe_overflow_chevrons, dpeg_lair_monsters,
          serial_shops, nicolae_shop_real_fake_doors, enter_bailey_3,
          ebering_ghost_xom, serial_glass, glass_columns_c, glass_columns_a
D:10:     layout_roguey, hiddenorc2_lemuel
D:11:     layout_rooms, nicolae_wu_jian_glorious_leap
D:12:     layout_basic, serial_aquarium, aquarium_bridge_square
          [aquarium_subvault_bridge, aquarium_subvault_bridge,
          aquarium_subvault_wall, aquarium_subvault_bridge], aquarium_window_1,
          aquarium_window_fake, aquarium_view_2e, aquarium_balcony_1b,
          okawaru_humans, uniq_azrael
D:13:     layout_rooms, ximxim_vaults_locker_room, einodemon_barbed_minivault
D:14:     layout_gridville, serial_shops, shop, hangedman_abyss_or_decor_passed,
          nicolae_two_hexagons, uniq_josephine
D:15:     grunt_enter_depths_hoard, layout_basic, serial_shops,
          nicolae_shop_trees, chequers_big_river
Temple:   nicolae_temple_bog_church
Lair:1:   layout_gridlike, nicolae_quartered_pool_impasse, beast_lair_carwin_10,
          grunt_megastairs_4
Lair:2:   layout_cave_shapes, elwin_shoals_entry_stream,
          nicolae_spider_entry_tight_spaces, basic_altar
Lair:3:   nzn_winding_woodlands_large [nzn_winding_woodlands_5x5_open_star,
          nzn_winding_woodlands_5x15_zeroes,
          nzn_winding_woodlands_5x5_closed_star,
          nzn_winding_woodlands_center_garden,
          nzn_winding_woodlands_15x15_killbox,
          nzn_winding_woodlands_center_pierced_h,
          nzn_winding_woodlands_5x5_cross, nzn_winding_woodlands_5x15_garden,
          nzn_winding_woodlands_hourglass], layout_cave_shapes,
          lemuel_old_faithful
Lair:4:   layout_small_grid, slime_entry_2, st_stairs_4
Lair:5:   minmay_lair_end_frog_pond, layout_cave_pods, minivault_24, uniq_nessos
Shoals:1: layout_shoals, serial_shops, nicolae_shop_tiny_glass,
          nicolae_shoals_nautilus_by_nature, nicolae_shoals_cliffside_cave
Shoals:2: layout_shoals
Shoals:3: gammafunk_sealed_arena, layout_shoals,
          nicolae_shoals_lost_giant_temple
Shoals:4: shoals_end_grunt_garden, layout_shoals, serial_shops,
          nicolae_shop_hallway_plus, uniq_kirke
Spider:1: layout_spider_delve
Spider:2: nicolae_spider_hilbert_zone_5 [nicolae_spider_hilbert_3_sides_1_open,
          nicolae_spider_hilbert_4_sides_1_open,
          nicolae_spider_hilbert_4_sides_1_open,
          nicolae_spider_hilbert_6_sides_1_open,
          nicolae_spider_hilbert_6_sides_1_open]
Spider:3: layout_spider_delve
Spider:4: guppyfry_spider_rune, nicolae_orb_stairs
Orc:1:    layout_caves
Orc:2:    st_orc_rangers, layout_caves
Elf:1:    minmay_elf_arrival_plus, layout_geoelf_diagonals, serial_shops,
          nicolae_square_shop, minmay_elf_annihilation, lemuel_upstairs_altar
Elf:2:    elven_hall_of_blades_hangedman_original [mumra_blade_entry_dagger],
          layout_gridlike, grunt_ministairs_4, lemuel_statue_altar,
          feat_on_display
Elf:3:    minmay_elf_hall_not_hex, layout_loops_corners
Vaults:1: nicolae_vaults_trapezoid_1, v_rooms_6,
          nicolae_vaults_shrinking_rooms_1, ontoclasm_vaults_twist,
          nicolae_vaults_c_with_doors, v_rooms_3, nicolae_vaults_tetromino_L_1,
          nicolae_vaults_house_1, layout_vaults_omnigrid, uniq_nikola
Vaults:2: ontoclasm_vaults_ligature, nicolae_vaults_meiosis,
          nicolae_vaults_hexular_roomagon, nicolae_vaults_security_offices_6,
          v_alt_pattern_3, minmay_crypt_entry_necro_gods,
          nicolae_vaults_sightless_eye, hangedman_vaults_stagger,
          vaults_room_door_ring, nicolae_vaults_heist, nicolae_vaults_big_ls,
          nicolae_vaults_surprise_closet, nicolae_vaults_asterisk,
          vaults_room_pool, layout_vaults_maze_snakey
Vaults:3: nicolae_vaults_octothorpe, v_misc_13, hangedman_vaults_stream,
          vaults_standard_mumra_x, vaults_dpeg_spiral,
          vaults_room_hangedman_quadrants, nicolae_vaults_weapon_check,
          v_misc_18, ontoclasm_vaults_decontamination, layout_vaults_ring,
          uniq_frederick, uniq_boris, uniq_mara
Vaults:4: hangedman_vaults_trim, v_misc_11, st_diamondy,
          nicolae_vaults_rhombus_6, v_rooms_6, hangedman_vaults_cutoff,
          v_misc_9, nicolae_vaults_border_crossing,
          nicolae_vaults_circle_grid_b, hangedman_vaults_corner_blocks,
          layout_vaults_omnibox
Vaults:5
Depths:1: layout_big_octagon, ziggurat_fallback, hell_entry,
          nicolae_hepliaklqana_hippocampus, kennysheep_cross_bottleneck,
          grunt_decor_clamped, minivault_16, nicolae_the_louvre
Depths:2: cross_vault, layout_cave_pools, hell_entry, minmay_room_of_horrors,
          rand_demon_pan_entry_8, minmay_misc_feat_room, minmay_shop_grove,
          infiniplex_staircase_pillars_1
Depths:3: minmay_crescents, layout_honeycomb, abyss_entry_glasseish, hell_entry,
          nicolae_trove_entry_isolated, beargit_elvish_explorers
Depths:4: grunt_zot_entry_hairpin, layout_gridlike, wad_floor_pattern_1,
          hell_entry, minmay_misc_feat_more_columns, tso_oasis_becter
Zot:1:    layout_basic, grunt_megastairs_2
Zot:2:    layout_onion_interference
Zot:3:    kennysheep_spiral_hall, layout_onion, regret_index_zotdec_icy_dp
Zot:4:    layout_onion, nzn_ghost_randoct, uniq_parghit
Zot:5:    layout_basic, bh_zot_levy_curve

Skill      XL: |  1  2  3  4  5  6  7  8  9 10 11 12 13 14 15 16 17 18 19 20 21 22 23 24 25 |
---------------+----------------------------------------------------------------------------+-----
Polearms       | 3 4 5 7 8 9 12 14 17 19 20 21 24 26 27 | 27.0
Fighting       | 4 5 6 7 9 10 12 16 20 23 26 27 | 27.0
Dodging        | 6 10 13 15 17 18 20 22 24 27 | 27.0
Shields        | 7 11 14 17 19 20 23 | 23.1
Armour         | |  2.1

Action                     |  1- 3 |  4- 6 |  7- 9 | 10-12 | 13-15 | 16-18 | 19-21 | 22-24 | 25-27 || total
---------------------------+-------+-------+-------+-------+-------+-------+-------+-------+-------++-------
  Melee: Trident           |   151 |    89 |   217 |   594 |  1008 |  1516 |  1087 |  1138 |   123 ||  5923
         Tailslap          |       |       |     2 |       |       |       |       |       |       ||     2
 Invoke: Potion Petition   |       |       |       |     2 |     1 |       |       |     6 |       ||     9
         Call Merchant     |       |       |       |     1 |     2 |     2 |     1 |       |       ||     6
         Bribe Branch      |       |       |       |       |       |       |       |     3 |       ||     3
  Evoke: Wand              |       |     2 |     5 |     1 |     5 |       |       |     3 |       ||    16
         Condenser vane    |       |       |       |       |       |     1 |       |       |       ||     1
    Use: Scroll            |     4 |     2 |     3 |    13 |    13 |    12 |     9 |    13 |     5 ||    74
         Potion            |       |       |     3 |     3 |     3 |     3 |     6 |     4 |     4 ||    26
   Stab: Distracted        |       |     2 |     4 |    17 |    24 |    59 |    31 |    42 |     4 ||   183
         Sleeping          |       |       |       |     4 |       |       |       |       |       ||     4
         Invisible         |       |       |       |     1 |       |     8 |     2 |       |     1 ||    12
 Armour: Scale mail        |    83 |    33 |    66 |    17 |       |       |       |       |       ||   199
         Steam dragon scal |       |       |       |    21 |       |       |       |       |       ||    21
         Chain mail        |       |       |       |   116 |       |   363 |   194 |    72 |       ||   745
         Plate armour      |       |       |       |    13 |   219 |    48 |       |   235 |    41 ||   556
         Skin              |       |       |       |       |       |       |     1 |    15 |       ||    16
  Dodge: Dodged            |    28 |    15 |    34 |    30 |   106 |   284 |   144 |   245 |    18 ||   904
  Block: Buckler           |    28 |     6 |    17 |     5 |       |       |       |       |       ||    56
         Tower shield      |       |       |       |   177 |   584 |  1229 |   454 |   594 |    52 ||  3090

Table legend: (Time is in decaauts)
 A = Elapsed time spent in this place.
 B = Non-inter-level travel time spent in this place.
 C = Inter-level travel time spent in this place.
 D = Time resting spent in this place.
 E = Time spent auto-exploring this place.
 F = Levels seen in this place.
 G = Mean time per level.
                   A        B        C        D        E       F      G
               +--------+--------+--------+--------+--------+-----+--------+
         Total |  47733 |  43204 |   4529 |   1935 |  32272 |  54 |  883.9 |
       Dungeon |  13462 |  12001 |   1461 |   1032 |   8498 |  15 |  897.5 |
        Temple |     26 |      1 |     25 |      0 |      0 |   1 |   26.0 |
          Lair |   5085 |   4717 |    368 |     56 |   3631 |   5 | 1017.0 |
        Shoals |   2795 |   2144 |    651 |     84 |   1220 |   4 |  698.8 |
   Spider Nest |   4120 |   3875 |    245 |    149 |   2681 |   4 | 1030.0 |
  Orcish Mines |   1509 |   1294 |    215 |      4 |    956 |   2 |  754.5 |
   Elven Halls |   2785 |   2490 |    295 |      4 |   1944 |   3 |  928.3 |
        Vaults |  12389 |  12015 |    374 |    122 |  10459 |   5 | 2477.8 |
        Depths |   3272 |   2738 |    534 |    212 |   2063 |   4 |  818.0 |
           Zot |   1512 |   1155 |    357 |    269 |    293 |   5 |  302.4 |
      Ziggurat |    531 |    531 |      0 |      0 |    440 |   5 |  106.2 |
        Bailey |    240 |    240 |      0 |      0 |     84 |   1 |  240.0 |
               +--------+--------+--------+--------+--------+-----+--------+

Top non-repeatable levels by time:
Vaults:1: 2744 daAuts
Vaults:2: 2671 daAuts
Vaults:4: 2665 daAuts
Vaults:3: 2375 daAuts
Vaults:5: 1932 daAuts
    D:15: 1654 daAuts
Depths:1: 1429 daAuts
  Lair:3: 1285 daAuts
   Elf:3: 1254 daAuts
  Lair:5: 1183 daAuts
     D:3: 1135 daAuts
     D:7: 1106 daAuts
Spider:4: 1094 daAuts
Spider:2: 1040 daAuts
Spider:3: 1024 daAuts
